 Dungeon Crawl Stone Soup version 0.25.0-1-g7eea58d2a3 (webtiles) character file.

Game seed: 4227913567502429875

49 Descartes the Firebug (level 4, -2/30 HPs)
             Began as a Formicid Fire Elementalist on June 14, 2020.
             Slain by an ice beast (10 damage)
             ... on level 1 of the Dungeon.
             The game lasted 00:09:43 (2706 turns).

Descartes the Firebug (Formicid Fire Elementalist)  Turns: 2706, Time: 00:09:44

Health: -2/30      AC:  3    Str: 12    XL:     4   Next: 2%
Magic:  0/7        EV: 12    Int: 16    God:
Gold:   52         SH:  0    Dex: 11    Spells: 7/8 levels left

rFire    . . .     SeeInvis +   d - +0 club
rCold    . . .     Gourm    .   (no shield)
rNeg     . . .     Faith    .   a - +0 robe
rPois    .         Spirit   +   (helmet unavailable)
rElec    .         Reflect  .   o - +0 cloak
rCorr    .         Harm     .   (no gloves)
MR       .....                  (no boots)
Stlth    ++........             l - amulet of guardian spirit
HPRegen  0.10/turn              (no ring)
MPRegen  0.10/turn              (no ring)

@: no status effects
A: permanent stasis, dig shafts and tunnels, four strong arms, antennae 3
a: Dig, Shaft Self


You were on level 1 of the Dungeon.
You were hungry.

You visited 1 branch of the dungeon, and saw 2 of its levels.

You collected 52 gold pieces.

Inventory:

Hand Weapons
 d - a +0 club (weapon)
Missiles
 e - 70 stones (quivered)
 j - 29 arrows
Armour
 a - a +0 robe (worn)
 k - a +0 chain mail
 o - a +0 cloak (worn)
Jewellery
 l - an amulet of guardian spirit (around neck)
Wands
 n - a wand of paralysis (12)
Scrolls
 b - 6 scrolls of identify {unknown}
 f - a scroll of teleportation {unknown}
 g - a scroll of immolation {unknown}
 h - a scroll of amnesia {unknown}
 i - a scroll of enchant armour {unknown}
 p - a scroll of noise {unknown}
Potions
 m - a potion of stabbing {unknown}
Comestibles
 c - 4 rations


   Skills:
 + Level 1.3 Armour
 + Level 2.2 Dodging
 - Level 2.4 Stealth
 + Level 2.6 Spellcasting
 + Level 1.4 Conjurations
 + Level 3.3 Fire Magic
 + Level 0.2 Evocations


You had 7 spell levels left.
You knew the following spells:

 Your Spells              Type           Power        Failure   Level  Hunger
a - Foxfire               Conj/Fire      #...         7%          1    #......

Your spell library contained the following spells:

 Spells                   Type           Power        Failure   Level  Hunger
 Conjure Flame            Conj/Fire      #.......     22%         3    ###....
 Inner Flame              Hex/Fire       #.......     28%         3    ###....
 Sticky Flame             Conj/Fire      #.......     56%         4    #####..
 Fireball                 Conj/Fire      #.........   89%         5    ######.


Dungeon Overview and Level Annotations

Branches:
Dungeon (2/15)

Altars:


Innate Abilities, Weirdness & Mutations

You cannot be hasted, slowed, berserked, paralysed or teleported.
You can dig through walls and to a lower floor.
Your four strong arms can wield two-handed weapons with a shield.
You have a pair of large antennae on your head. (SInv)


Message History

Confirm with . or Enter, or press ? or * to list all spells.
You conjure some foxfire!
The foxfire hits the ice beast but does no damage.
The ice beast is moderately wounded.
The foxfire hits the ice beast!
The ice beast melts!
The ice beast is heavily wounded.
The ice beast completely misses you.
You can't go up here!
The ice beast hits you but does no damage.
There is a stone staircase leading up, spattered with blood here.
Okay, then.
The ice beast hits you. The ice beast freezes you!
You climb upwards.
There is a stone staircase leading down here.
Casting: Foxfire (safe; 7% risk of failure)
Confirm with . or Enter, or press ? or * to list all spells.
You conjure some foxfire!
The ice beast hits you.
* * * LOW HITPOINT WARNING * * *
The ice beast freezes you!
You die...

..................##.##.#######..
........#..###....##.##.......#..
........#............##.#####.#..
...............#..............#..
.....................##...#####..
.................................
........#..................####..
........#####..#)Y........######.
................@v...............
.......#.........v........#######
.......#...##♣♣♣.♣♣♣##....#
.......#...# ♣⌠♣ #....#######
.......#...♣♣♣♣♣.♣♣♣♣♣...........
.......#......⌠.<.⌠......########
......##...♣♣♣♣♣.♣♣♣♣♣...# ####
......##...# ♣⌠♣ #...# #...
......##...##♣♣♣.♣♣♣##...# #.##


You could see an ice beast.

Vanquished Creatures
  A dart slug (D:1)
  3 leopard geckos
  2 giant cockroaches (D:1)
  5 goblins
  4 hobgoblins
  8 jackals
  3 kobolds
  A quokka (D:1)
  2 ball pythons (D:1)
  6 bats
  2 rats (D:1)
37 creatures vanquished.

Vanquished Creatures (others)
  75 foxfires
75 creatures vanquished.

Grand Total: 112 creatures vanquished

Notes
Turn   | Place    | Note
-------+----------+-------------------------------------------
     0 | D:1      | Descartes the Formicid Fire Elementalist began the quest
                  | for the Orb.
     0 | D:1      | Reached XP level 1. HP: 13/13 MP: 3/3
    10 | D:1      | Reached skill level 1 in Conjurations
   265 | D:1      | Reached XP level 2. HP: 19/19 MP: 3/5
  1289 | D:1      | Reached skill level 1 in Armour
  1289 | D:1      | Reached XP level 3. HP: 24/24 MP: 4/6
  2449 | D:2      | Noticed an ice beast
  2681 | D:2      | Reached XP level 4. HP: 30/30 MP: 2/7
  2706 | D:1      | Slain by an ice beast

Illustrated notes

Levels and vault maps discovered:
D:1:      scummos_arrival_forest, layout_basic
D:2:      layout_rooms

Skill      XL: |  1  2 |
---------------+-------+-----
Conjurations   | 1 |  1.4
Dodging        | 2 |  2.2
Armour         | 1 |  1.3
Stealth        | |  2.4
Spellcasting   | |  2.6
Fire Magic     | |  3.3
Evocations     | |  0.2

Action                   |  1- 3 |  4- 6 || total
-------------------------+-------+-------++-------
Melee: Unarmed           |    15 |       ||    15
       Club              |    74 |       ||    74
 Cast: Foxfire           |    50 |     5 ||    55
 Abil: Dig               |     2 |       ||     2
 Stab: Sleeping          |     1 |       ||     1
  Eat: Chunk             |     6 |       ||     6
Armor: Robe              |    30 |     1 ||    31
Dodge: Dodged            |   114 |     1 ||   115
